Construct Light Support Kompanie
le.IG 18 Mechanized Group
Construct Mechanized Kompanie
Marder III Tank Destroyer
Pak 38 Anti-tank Gun Team
Selects Defensive Operations
Construct Panzerarmee Kommand
Flak 36 Anti-tank Gun Team
Flak 36 Anti-tank Gun Team
Flak 36 Anti-tank Gun Team
Selects Prepared Positions
Selects Obice 305mm Barrage
Selects Registered Artillery
Flak 36 Anti-tank Gun Team
Flak 36 Anti-tank Gun Team
Flak 36 Anti-tank Gun Team
Flak 36 Anti-tank Gun Team
Flak 36 Anti-tank Gun Team
Flak 36 Anti-tank Gun Team
Flak 36 Anti-tank Gun Team
Flak 36 Anti-tank Gun Team
Flak 36 Anti-tank Gun Team